 Dungeon Crawl Stone Soup version 0.20-a0-540-ge6d1839 (webtiles) character file.

98 Lahna the Skirmisher (level 5, 0/63 HPs)
             Began as a Human Berserker on Jan 30, 2017.
             Was a Believer of Trog.
             Slain by Sigmund
             ... wielding a +0 scythe
              (4 damage)
             ... on level 2 of the Dungeon.
             The game lasted 00:03:19 (1379 turns).

Lahna the Skirmisher (Human Berserker)              Turns: 1379, Time: 00:03:20

Health: 0/63       AC:  5    Str: 27    XL:     5   Next: 1%
Magic:  5/5        EV: 12    Int:  7    God:    Trog [**....]
Gold:   145        SH:  0    Dex: 13    Spells: 4/4 levels left

rFire    . . .     SeeInvis .   a - +0 falchion
rCold    . . .     Gourm    .   p - +0 ring mail
rNeg     + . .     Faith    .   (no shield)
rPois    .         Spirit   .   (no helmet)
rElec    .         Reflect  .   (no cloak)
rCorr    .         Harm     .   (no gloves)
MR       .....                  (no boots)
Stlth    ..........             (no amulet)
Regen    0.2/turn               q - +4 ring of strength
                                l - ring of positive energy

@: berserking, flying, very quick
A: no striking features
a: Berserk, Trog's Hand, Burn Spellbooks, Renounce Religion


You were on level 2 of the Dungeon.
You worshipped Trog.
Trog was pleased with you.
You were near starving.

You visited 1 branch of the dungeon, and saw 2 of its levels.

You collected 145 gold pieces.

Inventory:

Hand Weapons
 a - a +0 falchion (weapon)
 b - a +0 arbalest
Missiles
 w - 14 bolts
Armour
 o - a +0 large shield
 p - a +0 ring mail (worn)
Jewellery
 l - a ring of positive energy (left hand)
 q - a +4 ring of strength (right hand)
Scrolls
 e - a scroll of immolation {unknown}
 f - 2 scrolls of remove curse {unknown}
 g - a scroll of blinking {unknown}
 m - a scroll of amnesia {unknown}
 n - 3 scrolls of identify {unknown}
 t - 2 scrolls of magic mapping {unknown}
 u - a scroll of teleportation {unknown}
 v - a scroll of recharging {unknown}
 x - a scroll of enchant armour {unknown}
Potions
 d - 2 potions of brilliance {unknown}
 h - a potion of curing
 i - a potion of cure mutation
 r - a potion of flight
 s - a potion of heal wounds {unknown}
Comestibles
 c - a bread ration
 j - 2 chunks of flesh
 k - a royal jelly


   Skills:
 + Level 3.8 Fighting
 + Level 3.4 Long Blades
 + Level 0.6 Crossbows
 + Level 2.6 Armour
 + Level 3.1 Dodging


You had 4 spell levels left.
You didn't know any spells.

Dungeon Overview and Level Annotations

Branches:
Dungeon (2/15)

Altars:

Annotations:
D:2 Sigmund


Message History

You are near starving!
The goblin hits you with a club.
* * * LOW HITPOINT WARNING * * *
You slash the goblin!
You kill the goblin!
Trog accepts your kill.
You hear a zap.
A puff of flame appears from out of thin air!
The puff of flame hits you!
* * * LOW HITPOINT WARNING * * *
Something hits you but does no damage.
Things that are here:
a club; a goblin corpse You feel a strong urge to attack something.
The goblin unwields an uncursed club.
The goblin wields a hunting sling.
The goblin shoots a stone.
The stone hits you.
* * * LOW HITPOINT WARNING * * *
You see here a stone.
You slash something! Something hits you.
You die...

▒▒▒▒▒▒▒▒.▒.............▒.▒
.........÷............÷▒.▒▒▒▒▒
▒▒▒.▒▒▒▒).▒▒▒▒..(.............
▒..▒ ▒▒.▒▒▒▒▒▒.▒...... ▒.)..
...▒ ▒.▒▒▒▒▒▒▒ ▒▒.▒▒▒▒▒▒▒ ▒.▒
▒▒▒▒▒ ▒.▒ ▒........ ▒▒▒▒▒▒
▒▒▒▒▒▒▒▒▒ ▒.)@▒ ▒.
▒▒▒{▒▒▒▒▒▒▒▒▒▒▒▒▒▒▒▒.
▒.ggg...g.g...l...▒▒.
▒▒▒l▒▒▒▒▒▒▒▒▒▒▒▒▒g▒▒. ▒.▒▒▒▒▒▒
▒..g. ▒......▒ ▒.▒▒g ▒▒▒▒▒▒.▒
▒.▒▒† ▒.▒ ▒.▒▒. ▒.▒ ▒g▒..


You could see a leopard gecko and 3 goblins.

Vanquished Creatures
  Terence (D:2)
  Robin (D:2)
  2 adders (D:2)
  4 leopard geckos
  2 giant cockroaches
  10 goblins
  4 hobgoblins
  8 kobolds
  2 bats (D:1)
  4 frilled lizards
  4 rats (D:2)
42 creatures vanquished.

Notes
Turn   | Place    | Note
-------+----------+-------------------------------------------
     0 | D:1      | Lahna the Human Berserker began the quest for the Orb.
     0 | D:1      | Reached XP level 1. HP: 18/18 MP: 1/1
   241 | D:1      | Reached XP level 2. HP: 20/24 MP: 2/2
   745 | D:1      | Reached XP level 3. HP: 28/29 MP: 3/3
   960 | D:2      | Reached XP level 4. HP: 19/36 MP: 4/4
  1149 | D:2      | Noticed Terence
  1161 | D:2      | Killed Terence
  1312 | D:2      | Reached ** piety under Trog
  1315 | D:2      | Noticed Robin
  1321 | D:2      | Killed Robin
  1326 | D:2      | Noticed Sigmund
  1357 | D:2      | Reached XP level 5. HP: 20/42 MP: 5/5
  1379 | D:2      | Slain by Sigmund

Vault maps used:
D:1:      saegor_arrival_simple_a, minivault_14, minmay_stone_trees_medium,
          minmay_tripent
D:2:      minmay_misc_feat_more_columns, minmay_tetromino_l4,
          uniq_crazy_yiuf_cottage, uniq_robin, uniq_sigmund, uniq_terence

Skill      XL: |  1  2  3  4 |
---------------+-------------+-----
Dodging        | 3 |  3.1
Fighting       | |  3.8
Long Blades    | |  3.4
Crossbows      | |  0.6
Armour         | |  2.6

Action                   |  1- 3 |  4- 6 || total
-------------------------+-------+-------++-------
Melee: Falchion          |    81 |    37 ||   118
Invok: Berserk           |       |     2 ||     2
  Use: Potion            |       |     3 ||     3
  Eat: Chunk             |       |     2 ||     2
Armor: Animal skin       |    12 |       ||    12
       Ring mail         |    12 |    17 ||    29
Dodge: Dodged            |    59 |    23 ||    82
       Rpst.: Falchion   |    17 |     9 ||    26
